 Dungeon Crawl Stone Soup version 0.30-a0-956-gcec3b41aec (webtiles) character file.

Game seed: 904229876540581007

169 voltaire321 the Stinger (level 5, 0/35 HPs)
             Began as a Merfolk Venom Mage on Mar 29, 2023.
             Succumbed to a gnoll's poison
             ... on level 3 of the Dungeon.
             The game lasted 00:09:38 (2647 turns).

voltaire321 the Stinger (Merfolk Venom Mage)        Turns: 2647, Time: 00:09:38

Health: 0/35       AC:  4    Str: 10    XL:     5   Next: 50%
Magic:  0/9        EV: 13    Int: 14    God:
Gold:   971        SH:  0    Dex: 15    Spells: 2/9 levels left

rFire   . . .      SeeInvis +    g - +3 dagger
rCold   . . .      Faith    .    (no shield)
rNeg    . . .      Spirit   .    a - +0 robe
rPois   .          Reflect  .    (no helmet)
rElec   .          Rampage  .    (no cloak)
rCorr   .                        n - +0 pair of gloves
Will    .....                    e - +0 pair of boots
Stlth   ++                       (no amulet)
HPRegen 0.25/turn                f - ring of see invisible
MPRegen 0.11/turn                (no ring)

@: lethally poisoned (0 -> -14)
A: (nimble swimmer 2), mertail
a: no special abilities


You were on level 3 of the Dungeon.
You visited 1 branch of the dungeon, and saw 4 of its levels.

You collected 971 gold pieces.

Inventory:

Hand Weapons
 g - a +3 dagger (weapon)
 w - a +1 rapier
Armour
 a - a +0 robe (worn)
 e - a +0 pair of boots (worn)
 n - a +0 pair of gloves (worn)
 u - the +0 helmet "Sudiewka" {Harm rElec rPois Int+3}
   (You found it on level 3 of the Dungeon)

   Int:       It affects your intelligence (+3).
   rElec:     It insulates you from electricity.
   rPois:     It protects you from poison.
   Harm:      It increases damage dealt and taken.
Jewellery
 f - a ring of see invisible (left hand)
Scrolls
 o - a scroll of silence
Potions
 b - a potion of magic
 c - 2 potions of heal wounds {unknown}
 d - 2 potions of curing
 j - 2 potions of might {unknown}
 m - a potion of berserk rage
 r - a potion of haste {unknown}


   Skills:
 + Level 0.2 Fighting
 + Level 0.8 Armour
 + Level 3.9 Dodging
 - Level 3.1 Stealth
 + Level 2.8 Spellcasting
 - Level 3.0 Transmutations
 + Level 0.2 Air Magic
 + Level 4.1 Poison Magic


You had 2 spell levels left.
You knew the following spells:

 Your Spells              Type           Power      Damage    Failure   Level
a - Sting                 Tmut/Pois      44%        1d5       4%          1
b - Poisonous Vapours     Pois/Air       16%        N/A       14%         2
c - Olgreb's Toxic Radia  Pois           13%        N/A       38%         4

Your spell library contained the following spells:

 Spells                   Type           Power      Damage    Failure   Level
 Mephitic Cloud           Conj/Pois/Air  6%         N/A       36%         3
 Freezing Cloud           Conj/Ice/Air   1%         6-21      99%         5
 Simulacrum               Ice/Necr       0%         N/A       100%        6
 Polar Vortex             Ice            0%         N/A       100%        9


Dungeon Overview and Level Annotations

Branches:
Dungeon (4/15)
 Temple: D:4-7

Altars:
Qazlal


Innate Abilities, Weirdness & Mutations

((You are very nimble when in or above water. (Stealth+, EV+, Speed+++)))
Your lower body shifts to a powerful aquatic tail in water.


Message History

There is a stone staircase leading down here.
Your surroundings seem slightly different.
There is a stone staircase leading down here.
You climb downwards.
The gnoll shouts!
The adder hisses angrily.
The gnoll shouts!
You hear a shout!
Found 15 gold pieces and a scroll of fear.
There is a stone staircase leading up here.
Casting: Sting (safe; 5% risk of failure)
Confirm with . or Enter, or press ? or * to list all spells.
The spell is extremely dangerous to miscast (38% risk of failure)!
Continue anyway?
You begin to radiate toxic energy.
The gnoll is poisoned. x3
The gnoll shouts!
The gnoll is poisoned.
The adder is poisoned.
The gnoll looks even sicker. x2
You hit the gnoll.
The gnoll is severely wounded.
The gnoll looks even sicker. x2
Your toxic aura wanes.
You kill the gnoll!
The gnoll hits you with a +0 flail of venom.
You are poisoned.
The gnoll barely misses you.
You hit the gnoll.
The gnoll is severely wounded.
You feel sick.
A gnoll comes into view. It is wielding a +0 flail.
The gnoll hits you from afar with a +2 antimagic spear!
You feel your power leaking away.
The gnoll hits you with a +0 flail of venom!
You are lethally poisoned!
The adder barely misses you.
* * * LOW HITPOINT WARNING * * *
You feel very sick.
You kill the gnoll!
The adder looks more healthy.
The gnoll hits you from afar with a +2 antimagic spear.
* * * LOW HITPOINT WARNING * * *
You feel your power leaking away. The adder completely misses you.
You climb upwards.
You die...

####### ###########.....##
#........##......#
###........##......##
#####...................########
##.....#..................#..)...
................S...>............
................@................
.......#.........................
.#.#####...................PP..##
.#.## #.......................#
.#..####......................##
.#...........#.................##
.....##......##...##.########....
...#.##............#.# ##..###
.#.#.....#.........#)# #..##


You could see an adder.

Vanquished Creatures
  An orc priest (D:3)
  2 gnolls (D:4)
  4 adders
  A worm (D:2)
  A dart slug (D:2)
  3 orcs (D:3)
  6 endoplasms
  4 giant cockroaches
  12 goblins
  10 hobgoblins
  8 jackals
  A quokka (D:2)
  4 ball pythons (D:1)
  6 bats
  5 kobolds
  5 rats
73 creatures vanquished.

Notes
Turn   | Place    | Note
-------+----------+-------------------------------------------
     0 | D:1      | voltaire321 the Merfolk Venom Mage began the quest for the
                  | Orb.
     0 | D:1      | Reached XP level 1. HP: 13/13 MP: 3/3
   114 | D:1      | Reached XP level 2. HP: 12/19 MP: 0/5
   503 | D:1      | Reached XP level 3. HP: 24/24 MP: 1/6
  1477 | D:2      | Reached XP level 4. HP: 30/30 MP: 3/7
  2100 | D:3      | Reached skill level 4 in Poison Magic
  2100 | D:3      | Reached XP level 5. HP: 11/35 MP: 0/9
  2244 | D:3      | Learned a level 2 spell: Poisonous Vapours
  2249 | D:3      | Learned a level 4 spell: Olgreb's Toxic Radiance
  2255 | D:3      | Found a stormy altar of Qazlal.
  2260 | D:3      | Identified the +0 helmet "Sudiewka" {Harm rElec rPois
                  | Int+3}
  2626 | D:4      | Identified a scroll of acquirement
  2626 | D:4      | Acquired 824 gold pieces
  2647 | D:3      | Succumbed to a gnoll's poison

Illustrated notes

Levels and vault maps discovered:
D:1:      psy_arrival_whirlpool, layout_loops_ring
D:2:      kennysheep_the_goblin_king, layout_loops_cross, roderic_lattice_a
D:3:      layout_rooms, mainiacjoe_overflow_boulevard, serial_park_tiny_1
D:4:      layout_basic, overflow_temple_1_default, serial_shops,
          nicolae_shop_overgrown_old_shop, shop

Skill      XL: |  1  2  3  4  5 |
---------------+----------------+-----
Dodging        | 3 |  3.9
Transmutations | 2 3 |  3.0
Stealth        | 3 |  3.1
Poison Magic   | 4 |  4.1
Fighting       | |  0.2
Armour         | |  0.8
Spellcasting   | |  2.8
Air Magic      | |  0.2

Action                     |  1- 3 |  4- 6 || total
---------------------------+-------+-------++-------
  Melee: Short sword       |    31 |       ||    31
         Unarmed           |     1 |       ||     1
         Dagger            |    29 |    40 ||    69
   Cast: Sting             |    63 |    37 ||   100
         Olgreb's Toxic Ra |       |     1 ||     1
    Use: Potion            |       |     1 ||     1
         Scroll            |       |    10 ||    10
 Armour: Robe              |    12 |    17 ||    29
  Dodge: Dodged            |    54 |    46 ||   100

Table legend: (Time is in decaauts)
 A = Elapsed time spent in this place.
 B = Non-inter-level travel time spent in this place.
 C = Inter-level travel time spent in this place.
 D = Time resting spent in this place.
 E = Time spent auto-exploring this place.
 F = Levels seen in this place.
 G = Mean time per level.
                   A        B        C        D        E       F      G
               +--------+--------+--------+--------+--------+-----+--------+
         Total |   2642 |   2607 |     35 |    494 |   1495 |   4 |  660.5 |
       Dungeon |   2642 |   2607 |     35 |    494 |   1495 |   4 |  660.5 |
               +--------+--------+--------+--------+--------+-----+--------+

Top non-repeatable levels by time:
     D:2: 1021 daAuts
     D:1: 923 daAuts
     D:3: 549 daAuts
     D:4: 147 daAuts
